Workbook

Sheet Портфель
A1: Тикер | B1: Тип | C1: Название | D1: Валюта | E1: Количество | F1: Цена | G1: Номинал | H1: НКД | I1: Погашение | J1: Сумма | K1: Доходность | L1: Средняя цена | M1: Доля | O1: Имя | P1: Курс к рублю | Q1: Курс к RUR
A2: LQDT | B2: etf | C2: LQDT ETF | D2: RUR | E2: 1562855 | F2: 2.0961 | G2: 0 | H2: 0 | J2: ==E2*F2*Портфель!$Q$13 | K2: 0.181 | L2: 1.66 | M2: 100 | O2: AMD | P2: 0.2415 | Q2: ==P2/$P$13
H3: Сумма по фондам: | J3: ==SUM(J2:J2) | M3: ==J3/J6 | O3: BYN | P3: 27.88 | Q3: ==P3/$P$13
A4: RUR | B4: Валюта | C4: Рубль | D4: RUR | E4: 23.26 | F4: 1 | G4: 0 | H4: 0 | J4: ==E4*F4 | O4: CAD | P4: 59.57155 | Q4: ==P4/$P$13
H5: Сумма по валютам: | J5: ==SUM(J4:J4) | M5: ==J5/J6 | O5: CHF | P5: 101.7756 | Q5: ==P5/$P$13
H6: Сумма: | J6: ==J3+J5 | O6: CNY | P6: 12.5355 | Q6: ==P6/$P$13
O7: EUR | P7: 95.8709 | Q7: ==P7/$P$13
O8: GBP | P8: 111.4993 | Q8: ==P8/$P$13
O9: GLD | P9: 11233 | Q9: ==P9/$P$13
O10: HKD | P10: 10.751 | Q10: ==P10/$P$13
O11: JPY | P11: 0.44 | Q11: ==P11/$P$13
O12: KZT | P12: 0.196 | Q12: ==P12/$P$13
O13: RUR | P13: 1 | Q13: ==P13/$P$13
O14: SLV | P14: 164.15 | Q14: ==P14/$P$13
O15: TRY | P15: 1.75 | Q15: ==P15/$P$13
O16: UAH | P16: 2.11125 | Q16: ==P16/$P$13
O17: USD | P17: 84.3414 | Q17: ==P17/$P$13

Sheet XIRR
A1: Дата | B1: Сумма | C1: Примечание | D1: . | E1: .. | F1: d | G1: s | H1: ds
A2: 45385 | B2: 386000 | C2: Зачисление денежных средств | F2: 0 | G2: ==B2 | H2: 0
A3: 45387 | B3: 65000 | C3: Зачисление денежных средств | F3: ==A3-A2 | G3: ==B3+G2 | H3: ==F3*G2
A4: 45394 | B4: 52000 | C4: Зачисление денежных средств | F4: ==A4-A3 | G4: ==B4+G3 | H4: ==F4*G3
A5: 45399 | B5: 52500 | C5: Зачисление денежных средств | F5: ==A5-A4 | G5: ==B5+G4 | H5: ==F5*G4
A6: 45420 | B6: 70000 | C6: Зачисление денежных средств | F6: ==A6-A5 | G6: ==B6+G5 | H6: ==F6*G5
A7: 45460 | B7: 57000 | C7: Зачисление денежных средств | F7: ==A7-A6 | G7: ==B7+G6 | H7: ==F7*G6
A8: 45463 | B8: 76000 | C8: Зачисление денежных средств | F8: ==A8-A7 | G8: ==B8+G7 | H8: ==F8*G7
A9: 45464 | B9: 60000 | C9: Зачисление денежных средств | F9: ==A9-A8 | G9: ==B9+G8 | H9: ==F9*G8
A10: 45478 | B10: 89000 | C10: Зачисление денежных средств | F10: ==A10-A9 | G10: ==B10+G9 | H10: ==F10*G9
A11: 45502 | B11: 90000 | C11: Зачисление денежных средств | F11: ==A11-A10 | G11: ==B11+G10 | H11: ==F11*G10
A12: 45555 | B12: 71000 | C12: Зачисление денежных средств | F12: ==A12-A11 | G12: ==B12+G11 | H12: ==F12*G11
A13: 45573 | B13: 171000 | C13: Зачисление денежных средств | F13: ==A13-A12 | G13: ==B13+G12 | H13: ==F13*G12
A14: 45583 | B14: 75000 | C14: Зачисление денежных средств | F14: ==A14-A13 | G14: ==B14+G13 | H14: ==F14*G13
... A19: 46293.433 | B19: -3275923.6 | C19: Баланс сейчас | F19: ==A19-A18 | G19: ==B19+G18 | H19: ==F19*G18
B20: ==XIRR(B2:B19,A2:A19) | C20: XIRR | G20: Сред.взвеш.сумм. | H20: ==SUM(I2:H19)/365
B21: ==-SUM(B2:B19) | C21: Полный доход, RUR | G21: Сред.год.дох. | H21: ==B21/H20

Sheet Доходность откр.
B1: LQDT
A2: 45385 | B2: 385322.8 | C2: buy
A3: 45387 | B3: 65355.25 | C3: buy
A4: 45394 | B4: 51459.08 | C4: buy
A5: 45399 | B5: 52478 | C5: buy
A6: 45420 | B6: 70691.01 | C6: buy
A7: 45460 | B7: 56995.56 | C7: buy
A8: 45463 | B8: 76079.84 | C8: buy
A9: 45464 | B9: 59974.64 | C9: buy
A10: 45478 | B10: 89076.54 | C10: buy
A11: 45502 | B11: 89911.36 | C11: buy
A12: 45555 | B12: 71136 | C12: buy
A13: 45574 | B13: 171004.19 | C13: buy
... A20: 46148 | B20: 168068.76 | C20: buy
A21: 46293 | B21: ==-Портфель!J2 | C21: Стоимость сейчас
B22: ==XIRR(B2:B21,A2:A21)
B23: ==-SUM(B2:B21) | C23: Полный доход

Sheet Доход
B1: LQDT LQDT ETF
A2: 45385 | B2: 213500 | C2: 293284.91
A3: 45387 | B3: 47500 | C3: 65355.25
A4: 45394 | B4: 37300 | C4: 51459.08
A5: 45399 | B5: 38000 | C5: 52478
A6: 45420 | B6: 50700 | C6: 70691.01
A7: 45460 | B7: 40200 | C7: 56995.56
A8: 45463 | B8: 53600 | C8: 76079.84
A9: 45464 | B9: 42200 | C9: 59974.64
A10: 45478 | B10: 62300 | C10: 89076.54
A11: 45502 | B11: 62300 | C11: 89911.36
A12: 45555 | B12: 48000 | C12: 71136
A13: 45574 | B13: 114430 | C13: 171004.19
... A18: 46148 | B18: 84695 | C18: 168068.76
B19: ==SUM(C2:C18)/SUM(B2:B18) | C19: Средняя цена
B20: 2.0961 | C20: Текущая цена
B21: 1562855 | C21: Остаток
B22: ==B21*(ABS(B20)-ABS(B19)) | C22: Доход

Sheet Сделки
A1: Дата | B1: Тикер | C1: Название | D1: Операция | E1: Тип | F1: Валюта | G1: Количество | H1: Цена | I1: Сумма | J1: НКД | K1: Комиссия банка | L1: Комиссия ТС | M1: RUR | N1: Комментарий
A2: 45385 | B2: input | C2: Зачисление денежных средств | D2: input | E2: input | F2: RUR | G2: 2 | H2: 193000 | I2: 386000 | J2: 0 | K2: 0 | L2: 0 | M2: ==I2+J2+K2+L2
A3: 45385.814 | B3: LQDT | C3: БПИФ Ликвидность УК ВИМ | D3: buy | E3: etf | F3: RUR | G3: 280500 | H3: 1.3736998 | I3: -385322.8 | J3: 0 | K3: 0 | L3: 0 | M3: ==I3+J3+K3+L3
A4: 45387 | B4: input | C4: Зачисление денежных средств | D4: input | E4: input | F4: RUR | G4: 1 | H4: 65000 | I4: 65000 | J4: 0 | K4: 0 | L4: 0 | M4: ==I4+J4+K4+L4
A5: 45387.804 | B5: LQDT | C5: БПИФ Ликвидность УК ВИМ | D5: buy | E5: etf | F5: RUR | G5: 47500 | H5: 1.3759 | I5: -65355.25 | J5: 0 | K5: 0 | L5: 0 | M5: ==I5+J5+K5+L5
A6: 45394 | B6: input | C6: Зачисление денежных средств | D6: input | E6: input | F6: RUR | G6: 1 | H6: 52000 | I6: 52000 | J6: 0 | K6: 0 | L6: 0 | M6: ==I6+J6+K6+L6
A7: 45394.538 | B7: LQDT | C7: БПИФ Ликвидность УК ВИМ | D7: buy | E7: etf | F7: RUR | G7: 37300 | H7: 1.3796 | I7: -51459.08 | J7: 0 | K7: 0 | L7: 0 | M7: ==I7+J7+K7+L7
A8: 45399 | B8: input | C8: Зачисление денежных средств | D8: input | E8: input | F8: RUR | G8: 1 | H8: 52500 | I8: 52500 | J8: 0 | K8: 0 | L8: 0 | M8: ==I8+J8+K8+L8
A9: 45399.761 | B9: LQDT | C9: БПИФ Ликвидность УК ВИМ | D9: buy | E9: etf | F9: RUR | G9: 38000 | H9: 1.381 | I9: -52478 | J9: 0 | K9: 0 | L9: 0 | M9: ==I9+J9+K9+L9
A10: 45420 | B10: input | C10: Зачисление денежных средств | D10: input | E10: input | F10: RUR | G10: 1 | H10: 70000 | I10: 70000 | J10: 0 | K10: 0 | L10: 0 | M10: ==I10+J10+K10+L10
A11: 45420.494 | B11: LQDT | C11: БПИФ Ликвидность УК ВИМ | D11: buy | E11: etf | F11: RUR | G11: 50700 | H11: 1.3943 | I11: -70691.01 | J11: 0 | K11: 0 | L11: 0 | M11: ==I11+J11+K11+L11
A12: 45460 | B12: input | C12: Зачисление денежных средств | D12: input | E12: input | F12: RUR | G12: 1 | H12: 57000 | I12: 57000 | J12: 0 | K12: 0 | L12: 0 | M12: ==I12+J12+K12+L12
A13: 45460.826 | B13: LQDT | C13: БПИФ Ликвидность УК ВИМ | D13: buy | E13: etf | F13: RUR | G13: 40200 | H13: 1.4178 | I13: -56995.56 | J13: 0 | K13: 0 | L13: 0 | M13: ==I13+J13+K13+L13
... A39: 46148.93 | B39: LQDT | C39: БПИФ Ликвидность УК ВИМ | D39: buy | E39: etf | F39: RUR | G39: 84695 | H39: 1.9844 | I39: -168068.76 | J39: 0 | K39: 0 | L39: 0 | M39: ==I39+J39+K39+L39
L40: Остаток: | M40: ==SUM(M2:M39)

Sheet Возраст
A1: Дата | B1: Портфель | C1: Тикер | D1: Название | E1: Кол. | F1: Y | G1: m | H1: d | I1: Всего дней | J1: Цена покупки с НКД и комиссией | K1: Цена сейчас с НКД | L1: Сумма при продаже | M1: Прибыль | N1: Налог при продаже | O1: Сегодня
A2: 45385 | B2: Основной, ВТБ | C2: LQDT | D2: LQDT ETF | E2: 213500 | F2: ==DATEDIF(A2,$O$2,"y") | G2: ==DATEDIF(A2,$O$2,"ym") | H2: ==DATEDIF(A2,$O$2,"md") | I2: 908 | J2: 1.3736998 | K2: ==Портфель!F2*Портфель!$Q$13 | L2: ==E2*K2 | M2: ==(K2-J2)*E2 | N2: ==MAX(0,M2*0.13) | O2: ==TODAY()
A3: 45387 | B3: Основной, ВТБ | C3: LQDT | D3: LQDT ETF | E3: 47500 | F3: ==DATEDIF(A3,$O$2,"y") | G3: ==DATEDIF(A3,$O$2,"ym") | H3: ==DATEDIF(A3,$O$2,"md") | I3: 906 | J3: 1.3759 | K3: ==Портфель!F2*Портфель!$Q$13 | L3: ==E3*K3 | M3: ==(K3-J3)*E3 | N3: ==MAX(0,M3*0.13)
A4: 45394 | B4: Основной, ВТБ | C4: LQDT | D4: LQDT ETF | E4: 37300 | F4: ==DATEDIF(A4,$O$2,"y") | G4: ==DATEDIF(A4,$O$2,"ym") | H4: ==DATEDIF(A4,$O$2,"md") | I4: 899 | J4: 1.3796 | K4: ==Портфель!F2*Портфель!$Q$13 | L4: ==E4*K4 | M4: ==(K4-J4)*E4 | N4: ==MAX(0,M4*0.13)
A5: 45399 | B5: Основной, ВТБ | C5: LQDT | D5: LQDT ETF | E5: 38000 | F5: ==DATEDIF(A5,$O$2,"y") | G5: ==DATEDIF(A5,$O$2,"ym") | H5: ==DATEDIF(A5,$O$2,"md") | I5: 894 | J5: 1.381 | K5: ==Портфель!F2*Портфель!$Q$13 | L5: ==E5*K5 | M5: ==(K5-J5)*E5 | N5: ==MAX(0,M5*0.13)
A6: 45420 | B6: Основной, ВТБ | C6: LQDT | D6: LQDT ETF | E6: 50700 | F6: ==DATEDIF(A6,$O$2,"y") | G6: ==DATEDIF(A6,$O$2,"ym") | H6: ==DATEDIF(A6,$O$2,"md") | I6: 873 | J6: 1.3943 | K6: ==Портфель!F2*Портфель!$Q$13 | L6: ==E6*K6 | M6: ==(K6-J6)*E6 | N6: ==MAX(0,M6*0.13)
A7: 45460 | B7: Основной, ВТБ | C7: LQDT | D7: LQDT ETF | E7: 40200 | F7: ==DATEDIF(A7,$O$2,"y") | G7: ==DATEDIF(A7,$O$2,"ym") | H7: ==DATEDIF(A7,$O$2,"md") | I7: 833 | J7: 1.4178 | K7: ==Портфель!F2*Портфель!$Q$13 | L7: ==E7*K7 | M7: ==(K7-J7)*E7 | N7: ==MAX(0,M7*0.13)
A8: 45463 | B8: Основной, ВТБ | C8: LQDT | D8: LQDT ETF | E8: 53600 | F8: ==DATEDIF(A8,$O$2,"y") | G8: ==DATEDIF(A8,$O$2,"ym") | H8: ==DATEDIF(A8,$O$2,"md") | I8: 830 | J8: 1.4194 | K8: ==Портфель!F2*Портфель!$Q$13 | L8: ==E8*K8 | M8: ==(K8-J8)*E8 | N8: ==MAX(0,M8*0.13)
A9: 45464 | B9: Основной, ВТБ | C9: LQDT | D9: LQDT ETF | E9: 42200 | F9: ==DATEDIF(A9,$O$2,"y") | G9: ==DATEDIF(A9,$O$2,"ym") | H9: ==DATEDIF(A9,$O$2,"md") | I9: 829 | J9: 1.4212 | K9: ==Портфель!F2*Портфель!$Q$13 | L9: ==E9*K9 | M9: ==(K9-J9)*E9 | N9: ==MAX(0,M9*0.13)
A10: 45478 | B10: Основной, ВТБ | C10: LQDT | D10: LQDT ETF | E10: 62300 | F10: ==DATEDIF(A10,$O$2,"y") | G10: ==DATEDIF(A10,$O$2,"ym") | H10: ==DATEDIF(A10,$O$2,"md") | I10: 815 | J10: 1.4298 | K10: ==Портфель!F2*Портфель!$Q$13 | L10: ==E10*K10 | M10: ==(K10-J10)*E10 | N10: ==MAX(0,M10*0.13)
A11: 45502 | B11: Основной, ВТБ | C11: LQDT | D11: LQDT ETF | E11: 62300 | F11: ==DATEDIF(A11,$O$2,"y") | G11: ==DATEDIF(A11,$O$2,"ym") | H11: ==DATEDIF(A11,$O$2,"md") | I11: 791 | J11: 1.4432 | K11: ==Портфель!F2*Портфель!$Q$13 | L11: ==E11*K11 | M11: ==(K11-J11)*E11 | N11: ==MAX(0,M11*0.13)
A12: 45555 | B12: Основной, ВТБ | C12: LQDT | D12: LQDT ETF | E12: 48000 | F12: ==DATEDIF(A12,$O$2,"y") | G12: ==DATEDIF(A12,$O$2,"ym") | H12: ==DATEDIF(A12,$O$2,"md") | I12: 738 | J12: 1.482 | K12: ==Портфель!F2*Портфель!$Q$13 | L12: ==E12*K12 | M12: ==(K12-J12)*E12 | N12: ==MAX(0,M12*0.13)
A13: 45574 | B13: Основной, ВТБ | C13: LQDT | D13: LQDT ETF | E13: 114430 | F13: ==DATEDIF(A13,$O$2,"y") | G13: ==DATEDIF(A13,$O$2,"ym") | H13: ==DATEDIF(A13,$O$2,"md") | I13: 719 | J13: 1.4944 | K13: ==Портфель!F2*Портфель!$Q$13 | L13: ==E13*K13 | M13: ==(K13-J13)*E13 | N13: ==MAX(0,M13*0.13)
A14: 45583 | B14: Основной, ВТБ | C14: LQDT | D14: LQDT ETF | E14: 49900 | F14: ==DATEDIF(A14,$O$2,"y") | G14: ==DATEDIF(A14,$O$2,"ym") | H14: ==DATEDIF(A14,$O$2,"md") | I14: 710 | J14: 1.5026 | K14: ==Портфель!F2*Портфель!$Q$13 | L14: ==E14*K14 | M14: ==(K14-J14)*E14 | N14: ==MAX(0,M14*0.13)
A15: 45685 | B15: Основной, ВТБ | C15: LQDT | D15: LQDT ETF | E15: 690 | F15: ==DATEDIF(A15,$O$2,"y") | G15: ==DATEDIF(A15,$O$2,"ym") | H15: ==DATEDIF(A15,$O$2,"md") | I15: 608 | J15: 1.5874058 | K15: ==Портфель!F2*Портфель!$Q$13 | L15: ==E15*K15 | M15: ==(K15-J15)*E15 | N15: ==MAX(0,M15*0.13)
A16: 45838 | B16: Основной, ВТБ | C16: LQDT | D16: LQDT ETF | E16: 97110 | F16: ==DATEDIF(A16,$O$2,"y") | G16: ==DATEDIF(A16,$O$2,"ym") | H16: ==DATEDIF(A16,$O$2,"md") | I16: 455 | J16: 1.73 | K16: ==Портфель!F2*Портфель!$Q$13 | L16: ==E16*K16 | M16: ==(K16-J16)*E16 | N16: ==MAX(0,M16*0.13)
A17: 46146 | B17: Основной, ВТБ | C17: LQDT | D17: LQDT ETF | E17: 520430 | F17: ==DATEDIF(A17,$O$2,"y") | G17: ==DATEDIF(A17,$O$2,"ym") | H17: ==DATEDIF(A17,$O$2,"md") | I17: 147 | J17: 1.9828 | K17: ==Портфель!F2*Портфель!$Q$13 | L17: ==E17*K17 | M17: ==(K17-J17)*E17 | N17: ==MAX(0,M17*0.13)
A18: 46148 | B18: Основной, ВТБ | C18: LQDT | D18: LQDT ETF | E18: 84695 | F18: ==DATEDIF(A18,$O$2,"y") | G18: ==DATEDIF(A18,$O$2,"ym") | H18: ==DATEDIF(A18,$O$2,"md") | I18: 145 | J18: 1.9844 | K18: ==Портфель!F2*Портфель!$Q$13 | L18: ==E18*K18 | M18: ==(K18-J18)*E18 | N18: ==MAX(0,M18*0.13)
K19: Сумма: | L19: ==SUBTOTAL(109,L2:L18) | M19: ==SUBTOTAL(109,M2:M18) | N19: ==MAX(0,M19*0.13)

Sheet FIFO
A1: Тикер | B1: Название | C1: Покупка | D1: Продажа | E1: Цена покупки | F1: Цена продажи | G1: Кол. | H1: Результат | I1: Доходность сделки | J1: Срок | K1: Доходность годовых
A2: LQDT | B2: LQDT ETF | C2: 45385 | D2: 45594 | E2: 1.3737 | F2: 1.509 | G2: 66300 | H2: ==(F2-E2)*G2 | I2: ==(F2-E2)/E2 | J2: ==MAX(1,DATEDIF(C2,D2,"d")-1) | K2: ==I2*365/J2
A3: LQDT | B3: LQDT ETF | C3: 45385 | D3: 45679 | E3: 1.3737 | F3: 1.5822 | G3: 700 | H3: ==(F3-E3)*G3 | I3: ==(F3-E3)/E3 | J3: ==MAX(1,DATEDIF(C3,D3,"d")-1) | K3: ==I3*365/J3
